 Dungeon Crawl Stone Soup version 0.17-a0-1468-gbf503c2 (webtiles) character file.

63 ztt the Magician (level 3, 0/19 HPs)
             Began as a Deep Elf Wizard on July 1, 2015.
             Succumbed to an adder's poison
             ... on level 2 of the Dungeon.
             The game lasted 00:05:11 (2011 turns).

ztt the Magician (Deep Elf Wizard)                  Turns: 2011, Time: 00:05:11

Health: 0/19       AC:  2    Str:  4    XL:     3   Next: 89%
Magic:  3/12       EV: 13    Int: 28    God:
Gold:   47         SH:  0    Dex: 15    Spells: 4 memorised, 7 levels left

rFire  . . .     SeeInvis .     (no weapon)
rCold  . . .     Clarity  .     a - +0 robe
rNeg   . . .     SustAt   .     (no shield)
rPois  .         Gourm    .     b - +0 hat
rElec  .         Spirit   .     (no cloak)
rCorr  .         Warding  .     (no gloves)
rMut   .         Stasis   .     (no boots)
MR     .....                    h - amulet of inaccuracy (curse)
Stlth  ++........               (no ring)
                                n - +2 ring of dexterity

@: brilliant, lethally poisoned (0 -> -3), not resistant to hostile
enchantments, unstealthy
A: no striking features
a: no special abilities


You were on level 2 of the Dungeon.
You were not hungry.

You visited 1 branch of the dungeon, and saw 2 of its levels.

You collected 47 gold pieces.

Inventory:

Armour
 a - a +0 robe (worn)
 b - a +0 hat (worn)
Jewellery
 e - an uncursed amulet of clarity {unknown}
 h - a cursed amulet of inaccuracy (around neck)
 n - a +2 ring of dexterity (left hand)
Books
 c - a book of Minor Magic

   Spells                             Type                      Level
   a - Magic Dart                     Conjuration                  1
   b - Blink                          Translocation                2
   c - Call Imp                       Summoning                    2
   d - Repel Missiles                 Charms/Air                   2
   e - Slow                           Hexes                        2
   f - Conjure Flame                  Conjuration/Fire             3
   g - Mephitic Cloud                 Conjuration/Poison/Air       3
Comestibles
 d - 4 bread rations
 f - 2 slices of pizza


   Skills:
 + Level 2.8 Dodging
 + Level 2.7 Stealth
 + Level 6.0 Spellcasting
 + Level 1.8 Conjurations
 + Level 1.1 Summonings
 + Level 1.2 Translocations


You had 7 spell levels left.
You knew the following spells:

 Your Spells              Type           Power        Failure   Level  Hunger
a - Magic Dart            Conj           ####         1%          1    None
b - Blink                 Tloc           N/A          1%          2    None
c - Call Imp              Summ           ####....     1%          2    None
d - Repel Missiles        Chrm/Air       ####..       1%          2    None


Dungeon Overview and Level Annotations

Branches:
Dungeon (2/15)

Altars:
Ru


Message History

You aren't carrying any potions.
Read which item? (? for menu, Esc to quit)
Blink to where?
Press: ? - help, Dir - move target cursor, f - you Are you sure you want to cancel this blink?
Okay, then.
As you read the scroll labeled YFACROPTAW, it crumbles to dust.
It was a scroll of blinking.
Read which item? (? for menu, Esc to quit)
Okay, then.
Unknown command.
Read which item? (? for menu, Esc to quit)
As you read the scroll of teleportation, it crumbles to dust.
You feel strangely unstable.
* * * LOW HITPOINT WARNING * * *
You feel sick.
Your surroundings suddenly seem different.
* * * LOW HITPOINT WARNING * * *
You feel sick.
You die...

# #.#......,#.#,* #
########.#.##.##.#.#,*
###......#.#.#...#.#.#,*
......##......._......,*
###......#.#.#...#.#.#**
######.#.#.##.##,#.#
#.#.#....,,,#.#
#.#.####.####.#
#.#......@....#
#.######.######
#.,,,,...* *****####*


There were no monsters in sight!

Vanquished Creatures
  2 adders (D:2)
  A gnoll (D:2)
  A ball python (D:2)
  A giant cockroach (D:2)
  10 hobgoblins
  4 bats
  A giant gecko (D:1)
  2 giant newts
  2 goblins (D:1)
  3 jackals (D:1)
  5 kobolds (D:1)
  A quokka (D:2)
  4 rats
37 creatures vanquished.

Notes
Turn   | Place    | Note
--------------------------------------------------------------
     0 | D:1      | ztt the Deep Elf Wizard began the quest for the Orb.
     0 | D:1      | Reached XP level 1. HP: 10/10 MP: 7/7
   444 | D:1      | Reached skill level 5 in Spellcasting
   520 | D:1      | Reached XP level 2. HP: 15/15 MP: 7/10
   524 | D:1      | Learned a level 2 spell: Blink
   754 | D:1      | Learned a level 2 spell: Call Imp
   757 | D:1      | Learned a level 2 spell: Repel Missiles
  1486 | D:2      | Reached XP level 3. HP: 19/19 MP: 4/12
  1671 | D:2      | Found a sacrificial altar of Ru.
  1821 | D:2      | Reached skill level 6 in Spellcasting
  2011 | D:2      | Succumbed to an adder's poison

Vault maps used:
D:1:      sevenhm_arrival_forest_fort_large_2
D:2:      minmay_fountain_box, nicolae_ru_sacrificial_ziggurat

Action                   || total
-------------------------++-------
Melee: Unarmed           ||     4
 Cast: Magic Dart        ||   101
       Blink             ||     4
  Use: Scroll            ||     7
       Potion            ||     2
  Eat: Royal jelly       ||     1
       Chunk             ||     1
